 Dungeon Crawl Stone Soup version 0.15.1-1-gfacfea3 (webtiles) character file.

174 Rooster the Ruinous (level 5, -6/31 HPs)
             Began as a High Elf Conjurer on Sept 21, 2014.
             Mangled by a gnoll
             ... wielding a +0 whip
              (7 damage)
             ... on Level 2 of the Dungeon.
             The game lasted 00:24:07 (3634 turns).

Rooster the Ruinous (High Elf Conjurer)             Turns: 3634, Time: 00:24:10

HP  -6/31        AC  3     Str  7      XL: 5   Next: 28%
MP  12/16        EV 13     Int 19      God:
Gold 26          SH  0     Dex 16      Spells:  3 memorised,  7 levels left

rFire  . . .     SeeInvis +     g - +2 short sword (speed)
rCold  . . .     Clarity  .     a - +1 robe
rNeg   . . .     rCorr    .     (no shield)
rPois  .         rRot     .     (no helmet)
rElec  .         Spirit   .     (no cloak)
SustAb .         Warding  .     (no gloves)
rMut   .         Stasis   .     (no boots)
Gourm  .                        (no amulet)
MR     .....                    (no ring)
                                o - ring of see invisible

@: very slightly contaminated, not resistant to hostile enchantments, unstealthy
A: no striking features
a: no special abilities


You were on level 2 of the Dungeon.
You were not hungry.

You visited 1 branch of the dungeon, and saw 3 of its levels.

You collected 26 gold pieces.

Inventory:

Hand weapons
 f - a +0 short sword
 g - a +2 short sword of speed (weapon)
 i - a +0 short sword of draining
 l - a +0 dagger
Armour
 a - a +1 robe (worn)
Comestibles
 b - a bread ration
 n - a meat ration
Scrolls
 h - a scroll of enchant armour
 j - a scroll of fog {unknown}
 k - a scroll of identify {unknown}
 m - a scroll of teleportation {unknown}
 p - 2 scrolls of remove curse
Jewellery
 o - a ring of see invisible (left hand)
Potions
 d - 2 potions of flight {unknown}
 e - a potion of invisibility {unknown}
 q - a potion of heal wounds {unknown}
Books
 c - a book of Conjurations

   Spells                             Type                      Level
   *Magic Dart                        Conjuration                  1
   *Searing Ray                       Conjuration                  2
   *Dazzling Spray                    Conjuration/Hexes            3
   Fulminant Prism                    Conjuration/Hexes            4
   Iskenderun's Mystic Blast          Conjuration                  4
   Iskenderun's Battlesphere          Conjuration/Charms           5


   Skills:
 - Level 2.1 Dodging
 - Level 2.1 Stealth
 * Level 4.6 Spellcasting
 - Level 6.0 Conjurations


You had 7 spell levels left.
You knew the following spells:

 Your Spells              Type           Power        Failure   Level  Hunger
a - Magic Dart            Conj           ####         1%          1    None
b - Searing Ray           Conj           ####..       1%          2    #......
c - Dazzling Spray        Conj/Hex       ###.....     12%         3    ###....


Dungeon Overview and Level Annotations

Branches:
Dungeon (3/15)

Altars:
Kikubaaqudgha
Yredelemnul
Zin

Annotations:
D:2 Sigmund
D:3 Rooster's ghost, average HOFi


Message History

Confirm with . or Enter, or press ? or * to list all spells.
Aiming: Magic Dart
Press: ? - help, Shift-Dir - straight line, f/p - jackal
Aim: a jackal (moderately wounded)
The magic dart hits the jackal.
The jackal is severely wounded.
The jackal misses you. The gnoll completely misses you.
The jackal closely misses you. The jackal misses you.
Casting: Magic Dart
Confirm with . or Enter, or press ? or * to list all spells.
Aiming: Magic Dart
Press: ? - help, Shift-Dir - straight line, f/p - jackal
Aim: a jackal (severely wounded)
The magic dart hits the jackal.
The jackal is severely wounded.
The gnoll hits you with a club.
* * * LOW HITPOINT WARNING * * *
The jackal misses you. The jackal barely misses you.
The gnoll hits you with a whip!
You die...

###########.................#
#####..<......(...#.###...#####.#
.........(.#####..#.# ##### #.#
#####.####.# #..#.# #.# #.# #.#
#..#.# #.# #.# #.# #..#.##### #.#
# ### #######........# #.# ##8#
#8## #....#gg#.###.# #####.#
8...8...8####..h@.#.# #.# #.....#
.........####..#h##.# #.# #.###.#
........._#.#..#.##.# #.# #.#...#
.........##....#.##.###.###.#.#.#
...8##......##.....#........
#......##.###.#.###.### #####
#.#.......# #..).##.# #.#.#
#.##.####.###.#<#.#.# #.#.#
#.##.####...........# #


You could see 2 gnolls and 2 jackals.

Vanquished Creatures
  An orc wizard (D:3)
  4 gnolls
  3 adders
  3 worms (D:2)
  2 oozes (D:2)
  2 orcs (D:3)
  A ball python (D:1)
  5 goblins
  7 hobgoblins
  6 kobolds
  6 bats
  A giant cockroach (D:2)
  4 giant geckos
  A giant newt (D:1)
  9 jackals
  9 rats
64 creatures vanquished.

Notes
Turn   | Place    | Note
--------------------------------------------------------------
     0 | D:1      | Rooster, the High Elf Conjurer, began the quest for the Orb.
     0 | D:1      | Reached XP level 1. HP: 11/11 MP: 4/4
   345 | D:1      | Reached XP level 2. HP: 17/17 MP: 0/6
   488 | D:1      | Reached skill level 5 in Conjurations
   565 | D:1      | Learned a level 2 spell: Searing Ray
  1174 | D:2      | Reached XP level 3. HP: 21/21 MP: 2/8
  1686 | D:2      | Noticed Sigmund
  1707 | D:2      | Learned a level 3 spell: Dazzling Spray
  1938 | D:2      | Reached skill level 6 in Conjurations
  2032 | D:2      | Reached XP level 4. HP: 19/27 MP: 0/11
  2266 | D:2      | Found a basalt altar of Yredelemnul.
  2396 | D:2      | Found a glowing silver altar of Zin.
  2396 | D:2      | Found an ancient bone altar of Kikubaaqudgha.
  2991 | D:3      | Reached XP level 5. HP: 28/31 MP: 6/16
  3213 | D:3      | Noticed Rooster's ghost (average HOFi)
  3634 | D:2      | HP: 1/31 [gnoll/club (4)]
  3634 | D:2      | Mangled by a gnoll

Action                   |  1- 3 |  4- 6 || total
-------------------------+-------+-------++-------
Melee: Short sword       |    26 |    28 ||    54
 Cast: Magic Dart        |    65 |    28 ||    93
       Searing Ray       |     3 |       ||     3
       Dazzling Spray    |     3 |    21 ||    24
  Use: Scroll            |       |     2 ||     2
 Stab: Invisible         |       |     4 ||     4
  Eat: Chunk             |     3 |     6 ||     9
       Bread ration      |       |     1 ||     1
